 Dungeon Crawl Stone Soup version 0.22-a0-423-g4197694 (webtiles) character file.

66 Gorice the Magician (level 3, 0/27 HPs)
             Began as a Demonspawn Wanderer on May 23, 2018.
             Hit by a stone thrown by a kobold (1 damage)
             ... on level 2 of the Dungeon.
             The game lasted 00:07:35 (2182 turns).

Gorice the Magician (Demonspawn Wanderer)           Turns: 2182, Time: 00:07:35

Health: 0/27       AC:  4    Str: 11    XL:     3   Next: 96%
Magic:  7/7        EV: 11    Int: 15    God:
Gold:   51         SH:  0    Dex: 12    Spells: 8/8 levels left

rFire    . . .     SeeInvis .     - Unarmed
rCold    . . .     Gourm    .   (no shield)
rNeg     . . .     Faith    .   e - +1 robe
rPois    .         Spirit   .   (no helmet)
rElec    .         Reflect  .   h - +0 cloak
rCorr    .         Harm     .   (no gloves)
MR       .....                  (no boots)
Stlth    ++........             (no amulet)
HPRegen  0.09/turn              (no ring)
MPRegen  0.10/turn              (no ring)

@: no status effects
A: claws 1, sturdy frame 1
a: no special abilities


You were on level 2 of the Dungeon.
You were hungry.

You visited 1 branch of the dungeon, and saw 3 of its levels.

You collected 51 gold pieces.

Inventory:

Hand Weapons
 a - a +3 shortbow
 g - a +0 spear
Missiles
 b - 39 arrows
 r - 8 curare-tipped needles
 Y - 109 stones (quivered)
Armour
 d - a +0 shield
 e - a +1 robe (worn)
 h - a +0 cloak (worn)
Jewellery
 n - an uncursed ring of ice
Scrolls
 p - 2 scrolls of enchant armour
Potions
 c - a potion of flight {unknown}
 j - a potion of heal wounds {!q}
 l - 2 potions of agility {unknown}
 m - 5 potions of invisibility {!q}
 o - a potion of might {unknown}
 s - a potion of degeneration {unknown}
Comestibles
 f - 5 rations


   Skills:
 - Level 2.0 Fighting
 - Level 2.8 Bows
 - Level 1.0 Stealth
 - Level 1.0 Shields
 * Level 1.8 Unarmed Combat
 - Level 3.0 Spellcasting
   Level 1.0 Conjurations
   Level 1.1 Necromancy


You had 8 spell levels left.
You didn't know any spells.
Your spell library contained the following spells:

 Spells                   Type           Power        Failure   Level  Hunger
 Mephitic Cloud           Conj/Pois/Air  #.......     45%         3    ###....
 Shock                    Conj/Air       #...         16%         1    #......


Dungeon Overview and Level Annotations

Branches:
Dungeon (3/15)

Altars:

Annotations:
D:3 Veiltonx's ghost, amateur DsNe


Innate Abilities, Weirdness & Mutations

You have sharp fingernails.
Your movements are slightly less encumbered by armour. (ER -2)


Message History

You barely miss the hobgoblin. The kobold misses you.
The rat barely misses you. The hobgoblin hits you with a club.
Damage: 5 (max 5)
You closely miss the hobgoblin. The kobold hits you but does no damage.
The rat closely misses you. The hobgoblin barely misses you.
You closely miss the hobgoblin. The kobold hits you with a short sword.
The rat bites you but does no damage.
The hobgoblin hits you but does no damage.
Damage: 2 (max 5)
You scratch the hobgoblin.
The hobgoblin is moderately wounded.
The kobold hits you with a short sword.
* * * LOW HITPOINT WARNING * * *
The rat barely misses you.
The hobgoblin hits you but does no damage.
Damage: 2 (max 5)
You scratch the hobgoblin but do no damage.
The hobgoblin is moderately wounded.
The kobold barely misses you. The rat barely misses you.
Unknown command.
You closely miss the hobgoblin.
The hobgoblin is moderately wounded.
The hobgoblin barely misses you. The kobold barely misses you.
The rat barely misses you.
Unknown command.
You scratch the hobgoblin.
The hobgoblin is heavily wounded.
The kobold hits you with a short sword.
* * * LOW HITPOINT WARNING * * *
The hobgoblin hits you with a club.
* * * LOW HITPOINT WARNING * * *
The rat bites you.
* * * LOW HITPOINT WARNING * * *
Damage: 9 (max 9)
You scratch the hobgoblin.
You kill the hobgoblin!
The kobold hits you with a short sword.
* * * LOW HITPOINT WARNING * * *
The rat barely misses you.
Unknown command.
Damage: 2 (max 9) Unknown command.
Things that are here:
a club; a hobgoblin corpse Unknown command.
The kobold throws a stone.
The stone hits you but does no damage.
You see here a stone.
Unknown command.
The kobold throws a stone.
The stone hits you.
You die...

##.#.#### #.# #######.# #.#
##......# #.## ##'###.. ......#.#
#..# ##...#### ####..#.# ##.##
##<....## ......#.# #..##
##.......##
##....#.########...####.........#
..<...................'.........'
##....##########[..####.........#
##..#.# #####@.######.......##
......# #.........# ##.....##
##.#### #.###(###.# ##...## #.#
#.# #K# #.# ###+##### ##.#
#.###r# #.####........ ...#
#.##..###.##.......##. ####
#.........##.#.#.#.##.
####.#######.#........ #.#
#.#.....##.


You could see a kobold and a rat.

Vanquished Creatures
  An adder (D:2)
  A worm (D:2)
  3 leopard geckos (D:1)
  6 bats
  2 giant cockroaches
  5 goblins
  5 hobgoblins
  4 jackals
  A quokka (D:2)
  2 frilled lizards
  14 kobolds
  4 rats
48 creatures vanquished.

Vanquished Creatures (others)
  A plant (D:1)
1 creature vanquished.

Grand Total: 49 creatures vanquished

Notes
Turn   | Place    | Note
-------+----------+-------------------------------------------
     0 | D:1      | Gorice the Demonspawn Wanderer began the quest for the Orb.
     0 | D:1      | Gorice set off with: a +2 shortbow, 28 arrows, a +0 shield, a +0 robe, a ration
     0 | D:1      | Reached XP level 1. HP: 16/16 MP: 4/4
   141 | D:1      | Gained mutation: Your movements are slightly less encumbered by armour. (ER -2) [demonic ancestry]
   141 | D:1      | Reached XP level 2. HP: 15/22 MP: 6/6
   148 | D:1      | Reached skill level 2 in Bows
   694 | D:1      | Gained mutation: You have sharp fingernails. [demonic ancestry]
   694 | D:1      | Reached XP level 3. HP: 27/27 MP: 7/7
  1309 | D:2      | Reached skill level 1 in Unarmed Combat
  1864 | D:3      | Noticed Veiltonx's ghost (amateur DsNe)
  1873 | D:2      | HP: 8/27 [adder (2)]
  1878 | D:2      | HP: 4/27 [poisoned by an adder]
  1900 | D:2      | HP: 8/27 [poisoned by an adder]
  1907 | D:2      | HP: 6/27 [poisoned by an adder]
  1915 | D:2      | HP: 5/27 [poisoned by an adder]
  2177 | D:2      | HP: 6/27 [kobold/short sword (6)]
  2178 | D:2      | HP: 1/27 [kobold/short sword (2)]
  2182 | D:2      | Hit by a stone thrown by a kobold

Vault maps used:
D:1:      dpeg_chamrin_arrival_tetris, lexackson_kobold_supper
D:3:      grunt_ministairs_8

Skill      XL: |  1  2  3 |
---------------+----------+-----
Bows           | 2 |  2.8
Unarmed Combat | 1 |  1.8
Fighting       | |  2.0
Stealth        | |  1.0
Shields        | |  1.0
Spellcasting   | |  3.0
Conjurations   | |  1.0
Necromancy     | |  1.1

Action                   || total
-------------------------++-------
Melee: Unarmed           ||    18
 Fire: Shortbow          ||   120
Throw: Stone             ||     4
  Use: Scroll            ||     6
       Potion            ||     1
  Eat: Chunk             ||     3
Armor: Robe              ||    27
Dodge: Dodged            ||    70

Table legend:
 A = Spawn XP
 B = Non-spawn XP
 C = Spawn XP percentage of total XP
 D = Spawn monster count
 E = Non-spawn monster count
 F = Spawn count percentage of total count
 G = Total turns spent on level
                    A         B        C        D         E        F      G
               +---------+---------+-------+---------+---------+-------+---------
         Total |       0 |      95 |   0.0 |       0 |      48 |   0.0 |  2182
               +---------+---------+-------+---------+---------+-------+---------
           D:1 |       0 |      53 |   0.0 |       0 |      30 |   0.0 |  1073
           D:2 |       0 |      42 |   0.0 |       0 |      18 |   0.0 |  1100
               +---------+---------+-------+---------+---------+-------+---------

Table legend:
 A = Turns spent in this place as a percentage of turns spent in the entire game.
 B = Non-inter-level travel turns spent in this place as a percentage of non-inter-level travel turns spent in the entire game.
 C = Inter-level travel turns spent in this place as a percentage of turns spent in this place.
 D = Turns resting spent in this place as a percentage of non-inter-level travel turns spent in this place.
 E = Turns spent auto-exploring this place as a percentage of non-inter-level travel turns spent in this place.
 F = Non-inter-level travel turns spent in this place divided by the number of levels of this place that you've seen.
                   A       B       C       D       E      F
               +-------+-------+-------+-------+-------+----------------------
         Total | 100.0 | 100.0 |   5.8 |  13.5 |  53.6 | 685.0
       Dungeon | 100.0 | 100.0 |   5.8 |  13.5 |  53.6 | 685.0
               +-------+-------+-------+-------+-------+----------------------

Vault maps used:
D:1:      dpeg_chamrin_arrival_tetris, lexackson_kobold_supper
D:3:      grunt_ministairs_8
